 Dungeon Crawl Stone Soup version 0.32-a0-913-g739538afd8 (webtiles) character file.

Game seed: 3616781557557911190

1 jasper the Vexing (level 1, -1/13 HPs)
             Began as a Vampire Enchanter on Apr 7, 2024.
             Slain by a ball python (2 damage)
             ... on level 1 of the Dungeon.
             The game lasted 00:00:13 (32 turns).

jasper the Vexing (Vampire Enchanter)                 Turns: 32, Time: 00:00:13

Health: -1/13      AC:  2    Str:  7    XL:     1   Next: 16%
Magic:  3/3        EV:  1    Int: 17    God:
Gold:   0          SH:  0    Dex: 14    Spells: 4/4 levels left

rFire   . . .        a - +1 dagger
rCold   . . .        (no shield)
rNeg    . . .        b - +0 robe
rPois   .            (no helmet)
rElec   .            (no cloak)
rCorr   .            (no gloves)
SInv    +            (no boots)
Will    .....        (no amulet)
Stlth   +++          (no ring)
HPRegen 0.42/turn    (no ring)
MPRegen 0.08/turn

%: no passive effects
@: healing quickly, constricted
A: alive, fangs 3, see invisible, vampiric 1
a: Exsanguinate


You were on level 1 of the Dungeon.
You visited 1 branch of the dungeon, and saw 1 of its levels.

Inventory:

Hand Weapons
 a - a +1 dagger (weapon)
Armour
 b - a +0 robe (worn)
Scrolls
 d - 2 scrolls of revelation {unknown}
Potions
 c - 2 potions of invisibility


   Skills:
 * Level 1.2 Short Blades
 - Level 2.1 Dodging
 + Level 4.4 Stealth
 - Level 2.0 Spellcasting
 - Level 4.4 Hexes


You had 4 spell levels left.
You didn't know any spells.
Your spell library contained the following spells:

 Spells                   Type           Power      Damage    Failure   Level
 Confusing Touch          Hex            16%        N/A       10%         3
 Tukima's Dance           Hex            16%        N/A       10%         3
 Ensorcelled Hibernation  Hex/Ice        18%        N/A       12%         2
 Dazzling Flash           Conj/Hex       18%        N/A       24%         3


Dungeon Overview and Level Annotations

Branches:
Dungeon (1/15)

Altars:


Innate Abilities, Weirdness & Mutations

Your natural rate of healing is accelerated.
You have razor-sharp teeth.
You have supernaturally acute eyesight. (SInv)
You are afflicted with vampirism.


Message History

The hobgoblin is lightly wounded.
The ball python bites you. The ball python barely misses you.
The hobgoblin hits you.
You take 2 damage, and have 9/13 hp.
You closely miss the hobgoblin. You bite the hobgoblin.
The hobgoblin is heavily wounded.
The ball python barely misses you.
You barely miss the hobgoblin.
The hobgoblin is heavily wounded.
The hobgoblin closely misses you. The ball python barely misses you. x2
You hit the hobgoblin.
The hobgoblin is severely wounded.
The hobgoblin hits you. The ball python bites you.
The ball python barely misses you.
You take 2 damage, and have 7/13 hp.
You hit the hobgoblin.
You kill the hobgoblin!
The ball python completely misses you. The ball python grabs you.
The ball python constricts you.
You take 1 damage, and have 6/13 hp.
You escape the ball python's grasp.
The ball python bites you.
You see here a bubbling golden potion.
You take 1 damage, and have 5/13 hp.
You hit the ball python but do no damage.
The ball python barely misses you.
You closely miss the ball python. Your bite misses the ball python.
The ball python barely misses you. The ball python grabs you.
The ball python constricts you.
* * * LOW HITPOINT WARNING * * *
You take 2 damage, and have 3/13 hp.
You hit the ball python. You bite the ball python.
The ball python is heavily wounded.
The ball python bites you.
* * * LOW HITPOINT WARNING * * *
The ball python constricts you.
You take 2 damage, and have 1/13 hp.
You closely miss the ball python.
The ball python is heavily wounded.
The ball python bites you.
You die...

...... ....###
##++# #......
##....###...#.#
#......##...#.#
##.ß..ß.##...#.##.#
#........#...S....#
#.ß....ß.#...@#
#... #...#....##
#..####..#.....##
+..'<>+..'........#
#..####..#.....!...
#...##...#........#
#.ß....ß.#........#
#........#...######
##.ß..ß.##....


You could see a ball python.

Vanquished Creatures
  A hobgoblin (D:1)
1 creature vanquished.

Notes
Turn   | Place    | Note
-------+----------+-------------------------------------------
     0 | D:1      | jasper the Vampire Enchanter began the quest for the Orb.
     0 | D:1      | Reached XP level 1. HP: 13/13 MP: 3/3
    32 | D:1      | Slain by a ball python

Illustrated notes

Levels and vault maps discovered:
D:1:      dpeg_arrival_refuge, layout_rooms, st_stairs_10, minivault_19,
          chequers_serial_rivers_large_b, minmay_fountain_box

Action                     || total
---------------------------++-------
  Melee: Dagger            ||    10
         Bite              ||     2
 Armour: Robe              ||    11
  Dodge: Dodged            ||    10

Table legend: (Time is in decaauts)
 A = Elapsed time spent in this place.
 B = Non-inter-level travel time spent in this place.
 C = Inter-level travel time spent in this place.
 D = Time resting spent in this place.
 E = Time spent auto-exploring this place.
 F = Levels seen in this place.
 G = Mean time per level.
                   A        B        C        D        E       F      G
               +--------+--------+--------+--------+--------+-----+--------+
         Total |     31 |     31 |      0 |      0 |     16 |   1 |   31.0 |
       Dungeon |     31 |     31 |      0 |      0 |     16 |   1 |   31.0 |
               +--------+--------+--------+--------+--------+-----+--------+

Top non-repeatable levels by time:
     D:1: 31 daAuts
